 Dungeon Crawl Stone Soup version 0.19.1 (webtiles) character file.

959 Firecrotchwizard the Conjurer (level 7, 0/36 HPs)
             Began as a Deep Elf Conjurer on Dec 12, 2016.
             Slain by an orc priest
             ... wielding a +0 trident
              (11 damage)
             ... on level 6 of the Dungeon.
             The game lasted 00:23:44 (6751 turns).

Firecrotchwizard the Conjurer (Deep Elf Conjurer)   Turns: 6751, Time: 00:23:44

Health: 0/36       AC:  5    Str:  5    XL:     7   Next: 91%
Magic:  0/17       EV: 15    Int: 22    God:
Gold:   234        SH:  0    Dex: 15    Spells: 4 memorised, 5 levels left

rFire  . . .     SeeInvis .     t - staff of death
rCold  . . .     Gourm    .     a - +0 robe
rNeg   + . .     Faith    .     (no shield)
rPois  .         Spirit   .     g - +0 hat
rElec  .         Reflect  .     (no cloak)
rCorr  .         Harm     .     E - +0 pair of gloves
MR     .....                    x - +1 pair of boots
Stlth  ++........               (no amulet)
                                (no ring)
                                (no ring)

@: no status effects
A: no striking features
a: no special abilities


You were on level 6 of the Dungeon.
You were very hungry.

You visited 1 branch of the dungeon, and saw 6 of its levels.

You collected 234 gold pieces.

Inventory:

Hand Weapons
 f - a +0 short sword
Missiles
 q - 48 poisoned needles
 B - a throwing net (quivered)
Armour
 a - a +0 robe (worn)
 g - a +0 hat (worn)
 s - a +0 buckler
 x - a +1 pair of boots (worn)
 E - a +0 pair of gloves (worn)
Magical Staves
 t - an uncursed staff of death (weapon)
Jewellery
 A - an uncursed amulet of guardian spirit
Wands
 r - a wand of disintegration (19/24)
 C - a wand of slowing (16/48)
Scrolls
 h - 2 scrolls of remove curse
 i - a scroll of recharging {unknown}
 n - a scroll of magic mapping {unknown}
 p - 4 scrolls of identify
 y - 2 scrolls of blinking
 D - a scroll of amnesia {unknown}
Potions
 d - a potion of resistance {unknown}
 e - 3 potions of might
 j - 2 potions of brilliance {unknown}
 k - 2 potions of curing {unknown}
 l - 3 potions of lignification {unknown}
 u - 2 potions of degeneration {unknown}
 v - a potion of flight {unknown}
 z - a potion of heal wounds {unknown}
Books
 b - a book of Conjurations

   Spells                             Type                      Level
   a - Magic Dart                     Conjuration                  1
   b - Searing Ray                    Conjuration                  2
   c - Dazzling Spray                 Conjuration/Hexes            3
   d - Fulminant Prism                Conjuration/Hexes            4
   e - Iskenderun's Mystic Blast      Conjuration                  4
   f - Iskenderun's Battlesphere      Conjuration/Charms           5
Comestibles
 c - 4 bread rations
 m - 2 slices of pizza
 o - a meat ration
 w - a royal jelly


   Skills:
 + Level 5.6 Dodging
 - Level 2.4 Stealth
 + Level 5.8 Spellcasting
 * Level 7.5 Conjurations
 * Level 4.9 Charms
 + Level 2.1 Evocations


You had 5 spell levels left.
You knew the following spells:

 Your Spells              Type           Power        Failure   Level  Hunger
a - Magic Dart            Conj           ####         1%          1    None
b - Searing Ray           Conj           #####.       1%          2    None
c - Iskenderun's Mystic   Conj           #####...     4%          4    ####...
d - Iskenderun's Battles  Conj/Chrm      ####....     21%         5    #####..


Dungeon Overview and Level Annotations

Branches:
Dungeon (6/15)
 Temple: D:4-7

Altars:
Cheibriados
Elyvilon
Fedhas
Nemelex Xobeh
Okawaru
Uskayaw


Message History

Pain shoots through your body! The orc priest hits you with a trident.
You see here a jackal corpse.
You hit the orc priest but do no damage.
The orc priest is lightly wounded.
The orc priest closely misses you.
You closely miss the orc priest.
The orc priest is lightly wounded.
The orc priest invokes the aid of Beogh against you.
Beogh smites you!
Casting: Magic Dart
Confirm with . or Enter, or press ? or * to list all spells.
Aiming: Magic Dart
Press: ? - help, Shift-Dir - straight line, f/p - orc priest
Aim: an orc priest, wielding a trident and wearing a leather armour (lightly wounded)
The magic dart hits the orc priest.
The orc priest is lightly wounded.
The orc priest hits you but does no damage.
The orc priest hits you from afar with a trident!
You die...

...>.......#
...........#
..........(#
...........
........ .....
#..## #.@.#
#†#.#
#.....)o.......
#####..####....
#.# #.... #.
.... #. ... .
.. .


You could see an orc priest.

Vanquished Creatures
  2 centaurs (D:5)
  A scorpion (D:4)
  A howler monkey (D:5)
  2 crimson imps (D:5)
  A bullfrog zombie (D:4)
  3 hounds (D:5)
  3 orc priests
  Jessica (D:2)
  Natasha (thrice) (D:2)
  2 worker ants
  Ijyb (D:3)
  4 hound skeletons
  A howler monkey zombie (D:6)
  A worker ant zombie (D:5)
  3 gnolls (D:3)
  2 adders
  A shadow imp (D:5)
  An ooze (D:1)
  4 worms
  3 dart slugs
  4 leopard geckos
  7 orcs
  2 ball pythons (D:4)
  3 giant cockroaches
  6 hobgoblins
  10 jackals
  8 kobolds
  5 quokkas
  6 bats
  4 frilled lizards
  11 goblins
  A quokka skeleton (D:4)
  8 rats
115 creatures vanquished.

Notes
Turn   | Place    | Note
-------+----------+-------------------------------------------
     0 | D:1      | Firecrotchwizard the Deep Elf Conjurer began the quest for the Orb.
     0 | D:1      | Reached XP level 1. HP: 10/10 MP: 6/6
   421 | D:1      | Reached XP level 2. HP: 15/15 MP: 6/8
   443 | D:1      | Learned a level 2 spell: Searing Ray
   842 | D:1      | Reached XP level 3. HP: 19/19 MP: 5/10
  1330 | D:2      | Found a snail-covered altar of Cheibriados.
  1418 | D:2      | Noticed Jessica
  1566 | D:2      | Noticed Natasha
  1571 | D:2      | Killed Natasha
  1571 | D:2      | Reached skill level 5 in Conjurations
  1571 | D:2      | Reached XP level 4. HP: 21/24 MP: 6/12
  1649 | D:2      | Learned a level 4 spell: Iskenderun's Mystic Blast
  1723 | D:2      | Noticed Natasha
  1726 | D:2      | Killed Natasha
  1788 | D:2      | Noticed Natasha
  1793 | D:2      | Killed Natasha
  1897 | D:2      | Killed Jessica
  1897 | D:2      | Reached XP level 5. HP: 28/28 MP: 7/13
  1945 | D:2      | Learned a level 5 spell: Iskenderun's Battlesphere
  2153 | D:2      | Found a white marble altar of Elyvilon.
  2648 | D:3      | Noticed Ijyb
  2655 | D:3      | Killed Ijyb
  2906 | D:3      | Reached skill level 6 in Conjurations
  3231 | D:3      | Reached XP level 6. HP: 24/32 MP: 3/15
  3946 | D:4      | Reached skill level 5 in Spellcasting
  3946 | D:4      | Reached skill level 1 in Charms
  4921 | D:4      | Reached skill level 1 in Evocations
  5067 | D:5      | Entered Level 5 of the Dungeon
  5072 | D:5      | Reached skill level 5 in Dodging
  5072 | D:5      | Reached XP level 7. HP: 4/36 MP: 6/17
  5530 | D:5      | Found a sparkling altar of Nemelex Xobeh.
  5540 | D:5      | Reached skill level 7 in Conjurations
  6576 | D:5      | Found an iron altar of Okawaru.
  6578 | D:5      | Found a blossoming altar of Fedhas.
  6582 | D:5      | Found a hide-covered altar of Uskayaw.
  6751 | D:6      | Slain by an orc priest

Skill      XL: |  1  2  3  4  5  6  7 |
---------------+----------------------+-----
Dodging        | 3 4 5 |  5.6
Spellcasting   | 4 5 |  5.8
Conjurations   | 5 6 7 |  7.5
Charms         | 3 4 |  4.9
Evocations     | 1 2 |  2.1
Stealth        | |  2.4

Action                   |  1- 3 |  4- 6 |  7- 9 || total
-------------------------+-------+-------+-------++-------
Melee: Staff             |       |       |     2 ||     2
 Cast: Magic Dart        |    67 |   126 |    60 ||   253
       Searing Ray       |     1 |    15 |     6 ||    22
       Iskenderun's Myst |       |     4 |     2 ||     6
       Iskenderun's Batt |       |       |     1 ||     1
  Use: Scroll            |       |     7 |       ||     7
  Eat: Chunk             |     2 |    10 |     3 ||    15
       Beef jerky        |       |       |     2 ||     2
Armor: Robe              |       |     2 |     4 ||     6
Dodge: Dodged            |     1 |    26 |    20 ||    47
